 Dungeon Crawl Stone Soup version 0.30.1-1-g62c8e00024 (webtiles) character file.

Game seed: 15170995757544600396

420 spinkules the Basher (level 6, 0/52 HPs)
             Began as a Minotaur Berserker on July 14, 2023.
             Was a Priest of Trog.
             Slain by Menkaure (18 damage)
             ... on level 4 of the Dungeon.
             The game lasted 00:16:20 (3606 turns).

spinkules the Basher (Minotaur Berserker)           Turns: 3606, Time: 00:16:20

Health: 0/52       AC: 11    Str: 22    XL:     6   Next: 62%
Magic:  5/5        EV:  6    Int:  4    God:    Trog [***...]
Gold:   84         SH:  0    Dex: 11    Spells: 5/5 levels left

rFire   . . .        u - +0 shortbow
rCold   . . .        (shield currently unavailable)
rNeg    . . .        c - +0 plate armour
rPois   .            (helmet restricted)
rElec   .            (no cloak)
rCorr   .            (no gloves)
SInv    .            (no boots)
Will    .....        (no amulet) Stlth
                     (no ring)
HPRegen 0.28/turn    (no ring)
MPRegen 0.09/turn

%: no passive effects
@: no status effects
A: horns 2, retaliatory headbutt
a: Renounce Religion, Berserk, Trog's Hand


You were on level 4 of the Dungeon.
You worshipped Trog.
Trog was most pleased with you.
You visited 1 branch of the dungeon, and saw 4 of its levels.

You collected 104 gold pieces.
You spent 20 gold pieces at shops.

Inventory:

Hand Weapons
 a - a +0 mace
 f - a +4 rapier of venom
 r - a +0 flail
 u - a +0 shortbow (weapon)
Missiles
 e - 5 atropa-tipped darts
Armour
 b - a +0 animal skin
 c - a +0 plate armour (worn)
 n - an orb of guile
Wands
 t - a wand of roots (5)
Scrolls
 d - 3 scrolls of teleportation {unknown}
 l - 2 scrolls of poison {unknown}
 m - a scroll of noise {unknown}
 o - 2 scrolls of blinking {unknown}
 q - a scroll of immolation {unknown}
Potions
 g - a potion of resistance
 h - a potion of curing
 i - a potion of attraction {unknown}
 j - a potion of berserk rage
 k - a potion of mutation {unknown}
 p - 2 potions of flight {unknown}
 s - a potion of lignification {unknown}


   Skills:
 - Level 3.7 Fighting
 + Level 9.0 Maces & Flails
 - Level 2.4 Armour
 - Level 2.2 Dodging


You had 5 spell levels left.
You didn't know any spells.
Your spell library was empty.

Dungeon Overview and Level Annotations

Branches:
Dungeon (4/15)
 Temple: D:4-7

Altars:

Shops:
D:2 ?   D:3 =

Annotations:
D:4 Eustachio, Menkaure


Innate Abilities, Weirdness & Mutations

You have a pair of horns on your head.
You reflexively headbutt those who attack you in melee.


Message History

Throw: 5 darts (atropa)
Press: ? - help, Q - select action, (/) - cycle Shift-Dir - straight line, f - adder
Aim: an adder (35% to hit, chance to blind on hit: 100%)
Okay, then.
p - 2 viscous orange potions (gained 1)
You hit the adder but do no damage. Your headbutt misses the adder.
The adder bites you.
You closely miss the adder. Your headbutt misses the adder.
The adder barely misses you.
You sock the adder!
You kill the adder!
Trog accepts your kill.
Found a leather armour.
You see here a +0 shortbow.
u - a +0 shortbow
u - a +0 shortbow (weapon)
a - a +0 mace (weapon)
u - a +0 shortbow (weapon)
Okay, then.
Fire: u) +0 shortbow
Press: ? - help, Q - select action, (/) - cycle Shift-Dir - straight line, f - you
Okay, then.
Unknown command.
Menkaure, Prince of Dust comes into view.
Menkaure shouts!
Menkaure gestures wildly while chanting.
Menkaure seems to speed up.
There is a stone staircase leading down here.
Menkaure calls on the powers of darkness!
Your body is wracked with pain!
Things that are here:
a +0 trident; a +0 animal skin; a +0 helmet
There is a stone staircase leading up here.
Menkaure is nearby!
You shoot an arrow. The arrow hits Menkaure.
Menkaure is lightly damaged.
Menkaure hits you! Menkaure barely misses you. You furiously retaliate!
You headbutt Menkaure. You shoot an arrow. The arrow barely misses Menkaure.
Menkaure hits you!!
You die...

#..........#.#.##.# #####
#............M....#
##.#..........#.####
...... ............###.#
.. ######
...........)....####...#
..[.#...#.##..##.....#
....###...###)...#####
........#####..########
....#####......M@<)...#
....###..)..##...........
....##....####........###
........### ##########
..##...## ...†.### ..####
.. .


You could see Menkaure (fast).

Vanquished Creatures
  Ijyb (D:3)
  Robin (D:4)
  16 gnolls
  11 adders
  5 worms
  3 dart slugs
  An orc (D:3)
  12 ball pythons
  6 bats
  8 endoplasms
  6 giant cockroaches
  11 goblins
  8 hobgoblins
  8 jackals
  7 kobolds
  5 quokkas
  6 frilled lizards
  5 rats
120 creatures vanquished.

Notes
Turn   | Place    | Note
-------+----------+-------------------------------------------
     0 | D:1      | spinkules the Minotaur Berserker began the quest for the
                  | Orb.
     0 | D:1      | Reached XP level 1. HP: 19/19 MP: 0/0
   169 | D:1      | Reached skill level 4 in Maces & Flails
   334 | D:1      | Reached XP level 2. HP: 27/27 MP: 1/1
   650 | D:1      | Reached skill level 5 in Maces & Flails
   651 | D:1      | Reached ** piety under Trog
   652 | D:1      | Reached XP level 3. HP: 31/33 MP: 2/2
  1159 | D:2      | Reached XP level 4. HP: 40/40 MP: 3/3
  1297 | D:2      | Reached skill level 6 in Maces & Flails
  1415 | D:2      | Found Yntuc's Magic Scroll Emporium.
  1422 | D:2      | Bought a scroll of identify for 20 gold pieces
  1830 | D:3      | Reached XP level 5. HP: 26/46 MP: 4/4
  1854 | D:3      | Reached skill level 7 in Maces & Flails
  2106 | D:3      | Found Lararphu's Jewellery Boutique.
  2503 | D:3      | Reached *** piety under Trog
  2726 | D:3      | Reached skill level 8 in Maces & Flails
  2736 | D:3      | Reached XP level 6. HP: 39/52 MP: 5/5
  3319 | D:4      | Noticed Eustachio
  3390 | D:4      | Noticed Robin
  3391 | D:4      | Noticed Ijyb
  3399 | D:3      | Killed Ijyb
  3500 | D:4      | Killed Robin
  3504 | D:4      | Reached skill level 9 in Maces & Flails
  3575 | D:4      | Noticed Menkaure
  3606 | D:4      | Slain by Menkaure

Illustrated notes

Levels and vault maps discovered:
D:1:      amcnicky_arrival_abandoned_market, layout_basic, minivault_23,
          serial_park_tiny_pond, minmay_3d_cube
D:2:      layout_loops_corners, serial_shops, nicolae_shop_tiny_glass,
          hangedman_decor_push, feat_on_display
D:3:      layout_loops_ring, serial_bayou, serial_bayou_shore_b,
          serial_bayou_pond_b, serial_bayou_shore_b, serial_bayou_pond_b,
          serial_shops, shop_fountains, wad_rectangle_vault
D:4:      layout_rooms, kennysheep_mini_moat, nicolae_goblin_pals,
          uniq_menkaure, uniq_eustachio

Skill      XL: |  1  2  3  4  5  6 |
---------------+-------------------+-----
Maces & Flails | 4 5 6 8 9 |  9.0
Fighting       | |  3.7
Armour         | |  2.4
Dodging        | |  2.2

Action                     |  1- 3 |  4- 6 || total
---------------------------+-------+-------++-------
  Melee: Mace              |    98 |   118 ||   216
         Headbutt          |    11 |    33 ||    44
         Punch             |       |     2 ||     2
         Flail             |       |    70 ||    70
   Fire: Shortbow          |       |     2 ||     2
 Invoke: Berserk           |       |     6 ||     6
    Use: Scroll            |       |     3 ||     3
 Armour: Plate armour      |    60 |   116 ||   176
  Dodge: Dodged            |    42 |    63 ||   105
